 Dungeon Crawl Stone Soup version 0.30.0-29-ga12c61a403 (webtiles) character file.

Game seed: 13357745374377695574

97260 ces the Crack Shot (level 15, -2/120 HPs)
             Began as a Spriggan Hunter on June 26, 2023.
             Was an Initiate of Gozag.
             Slain by a tarantella (3 damage)
             ... on level 1 of the Spider Nest.
             The game lasted 02:17:36 (37116 turns).

ces the Crack Shot (Spriggan Hunter)               Turns: 37116, Time: 02:17:37

Health: -2/120     AC: 29    Str:  9    XL:     15   Next: 71%
Magic:  25/25      EV:  4    Int: 11    God:    Gozag
Gold:   104        SH:  7    Dex: 25    Spells: 14/14 levels left

rFire   + + .        a - +0 arbalest
rCold   . . .        (shield currently unavailable)
rNeg    . . .        I - melded +2 robe {Will+}
rPois   +            M - melded +2 hat
rElec   +            h - melded +0 cloak {rF+}
rCorr   +            (gloves unavailable)
SInv    +            (boots unavailable)
Will    +++..        k - amulet "Royvoepp" {Reflect Str+3 Dex-4 SH+5}
Stlth   ++++++       B - ring of the Octopus King {HP+2 MP+9 AC+2 EV+2 SH+2}
HPRegen 0.40/turn    w - ring of fire
MPRegen 0.19/turn

%: random rage (3%), reflection
@: mighty, tree-form, resistant, invisible
A: stationary, stasis, torment immunity, boosted hp, very small, no large
weapons, unfitting armour, see invisible, (speed 3), (iridescent scales 1),
(large bone plates 1), agile 1, berserk 1, strong-willed 1, subdued magic 1
a: End Transformation, Renounce Religion, Potion Petition, Call Merchant, Bribe
Branch


You were on level 1 of the Spider Nest.
You worshipped Gozag.
Gozag was aware of your devotion.
You were a tree.
You visited 8 branches of the dungeon, and saw 27 of its levels.
You also visited: Volcano.

You collected 8053 gold pieces.
You spent 2460 gold pieces at shops.
You paid 5489 gold pieces to Gozag.

Inventory:

Hand Weapons
 a - a +0 arbalest (weapon)
 b - the +1 dagger "Laola" {protect, rPois rF+ rC++ Str-5}
   (You bought it in a shop on level 2 of the Orcish Mines)

   Str:       It affects your strength (-5).
   rF:        It protects you from fire.
   rC:        It greatly protects you from cold.
   rPois:     It protects you from poison.
Missiles
 c - 2 throwing nets
Armour
 h - a +0 cloak of fire resistance (melded)
 E - a +2 robe of cold resistance
 I - a +2 robe of willpower (melded)
 M - a +2 hat (melded)
 N - a scarf of resistance
Jewellery
 g - a +4 ring of protection
 k - the amulet "Royvoepp" (around neck) {Reflect Str+3 Dex-4 SH+5}
   (You bought it in a shop on level 10 of the Dungeon)

   [amulet of reflection]

   It reflects blocked missile attacks.
   Str:       It affects your strength (+3).
   Dex:       It affects your dexterity (-4).
   SH:        It affects your SH (+5).
 m - a ring of protection from cold
 w - a ring of fire (right branch)
 y - a +5 ring of evasion
 B - a ring of the Octopus King (left branch) {HP+2 MP+9 AC+2 EV+2 SH+2}
   (You bought it in a shop on level 7 of the Dungeon)

   [ring of magical power]

   AC:        It affects your AC (+2).
   EV:        It affects your evasion (+2).
   HP:        It affects your health (+2).
   MP:        It affects your magic capacity (+9).
   SH:        It affects your SH (+2).
Wands
 e - a wand of paralysis (4)
 t - a wand of flame (20)
 u - a wand of mindburst (16)
 v - a wand of roots (4)
 F - a wand of light (3)
Scrolls
 i - 2 scrolls of magic mapping
 n - 4 scrolls of silence
 C - 2 scrolls of amnesia
 D - 5 scrolls of identify
 H - 6 scrolls of immolation
Potions
 d - 12 potions of ambrosia
 f - 2 potions of might
 j - 2 potions of lignification
 l - 5 potions of curing
 o - 3 potions of cancellation
 q - 5 potions of attraction
 r - 5 potions of brilliance
 x - 4 potions of haste
 G - a potion of mutation
 P - 2 potions of magic
 Q - a potion of berserk rage {unknown}
Miscellaneous
 A - a piece from Xom's chessboard (15/15)


   Skills:
 * Level 8.5 Fighting
 * Level 22.0 Ranged Weapons
 + Level 12.8 Dodging
 + Level 13.4 Stealth
 - Level 2.7 Shields
 - Level 0.4 Unarmed Combat
 - Level 9.0 Evocations


You had 14 spell levels left.
You didn't know any spells.
Your spell library contained the following spells:

 Spells                   Type           Power      Damage    Failure   Level
 Beastly Appendage        Tmut           0%         N/A       30%         1
 Magic Dart               Conj           0%         1d3       30%         1
 Sandblast                Erth           0%         2d4       30%         1
 Call Imp                 Summ           0%         N/A       43%         2
 Passwall                 Tmut/Erth      0%         N/A       43%         2
 Static Discharge         Conj/Air       0%         2-2/arc   43%         2
 Wereblood                Tmut           0%         N/A       43%         2
 Call Canine Familiar     Summ           0%         N/A       67%         3
 Frozen Ramparts          Ice            0%         1d1       67%         3
 Ignite Poison            Fire/Tmut/Pois 0%         N/A       67%         3
 Inner Flame              Hex/Fire       0%         N/A       67%         3
 Mephitic Cloud           Conj/Pois/Air  0%         N/A       67%         3
 Portal Projectile        Hex/Tloc       0%         N/A       67%         3
 Spider Form              Tmut/Pois      0%         N/A       67%         3
 Stone Arrow              Conj/Erth      0%         3d7       67%         3
 Airstrike                Air            0%         2d(0-16)  97%         4
 Flame Wave               Conj/Fire      0%         2d4       97%         4
 Ice Form                 Ice/Tmut       0%         N/A       97%         4
 Leda's Liquefaction      Hex/Erth       0%         N/A       97%         4
 Sticky Flame             Conj/Fire      0%         2d3       97%         4
 Summon Ice Beast         Ice/Summ       0%         N/A       97%         4
 Summon Lightning Spire   Summ/Air       0%         N/A       97%         4
 Alistair's Intoxication  Tmut/Pois      0%         N/A       100%        5
 Borgnjor's Vile Clutch   Necr/Erth      0%         N/A       100%        5
 Summon Mana Viper        Hex/Summ       0%         N/A       100%        5
 Yara's Violent Unravell  Hex/Tmut       0%         3d3       100%        5
 Eringya's Noxious Bog    Tmut/Pois      0%         N/A       100%        6
 Enfeeble                 Hex            0%         N/A       100%        7
 Monstrous Menagerie      Summ           0%         N/A       100%        7
 Ignition                 Fire           0%         3d3       100%        8


Dungeon Overview and Level Annotations

Branches:
Dungeon (15/15)            Temple (1/1) D:4            Lair (5/5) D:8
  Swamp (1/4) Lair:3       Spider (1/4) Lair:2        Slime (1/5) Lair:5
    Orc (2/2) D:12            Elf (1/3) Orc:2        Vaults (0/5) D:14
Volcano (visited)
 Depths: D:15

Altars:
Ashenzari
Cheibriados
Dithmenos
Elyvilon
Fedhas
Gozag
Hepliaklqana
Kikubaaqudgha
Makhleb
Nemelex Xobeh
Okawaru
Qazlal
Ru
Sif Muna
Trog
Uskayaw
Vehumet
Wu Jian
Xom
Yredelemnul
Zin
The Shining One
Jiyva

Shops:
D:3 ?   D:4 *   D:7 =   D:8 !=!   D:10 =*[*=   Orc:2 **(([   Lair:2 *

Annotations:
Lair:1 Fannar
Lair:4 3 runed translucent doors, bairyn's ghost, journeyman SpRe


Innate Abilities, Weirdness & Mutations

You are a tree.
Your roots penetrate the ground, keeping you stationary.
You cannot be teleported.
You are immune to unholy pain and torment.
Your maximum health is greatly increased.
Your equipment is partially melded.
You are very small and have problems with some larger weapons.
You are too small for most types of armour.
You have supernaturally acute eyesight. (SInv)
((You cover ground extremely quickly. (Speed+++)))
((You are partially covered in iridescent scales. (AC +2)))
((You are partially covered in large bone plates. (SH +4)))
You are agile. (Dex +4, Str/Int -1)
You sometimes lose your temper in combat.
You are strong-willed. (Will+)
Your spells are a little easier to cast, but a little less powerful.


Message History

The jumping spider bites you but does no damage.
You block the tarantella's attack. The demonic crawler barely misses you.
The demonic crawler hits you but does no damage.
The demonic crawler hits you.
* * * LOW HITPOINT WARNING * * *
The tarantella barely misses you.
Fire: a) +0 arbalest
Press: ? - help, Q - select action, (/) - cycle Shift-Dir - straight line, f - tarantella
Aim: a tarantella (moderately wounded, unable to see you, 64% to hit)
You shoot a bolt. The bolt closely misses the tarantella.
The demonic crawler hits you.
* * * LOW HITPOINT WARNING * * *
The demonic crawler hits you but does no damage.
The demonic crawler hits you.
* * * LOW HITPOINT WARNING * * *
The jumping spider pounces on you but does no damage.
You block the jumping spider's attack. The wolf spider hits you!
* * * LOW HITPOINT WARNING * * *
You block the wolf spider's attack.
The tarantella touches you but does no damage.
You feel better.
The jumping spider pounces on you but does no damage.
The jumping spider bites you but does no damage.
The wolf spider hits you but does no damage.
The wolf spider barely misses you. You block the demonic crawler's attack.
The demonic crawler hits you but does no damage.
The demonic crawler hits you.
* * * LOW HITPOINT WARNING * * *
The tarantella touches you!
* * * LOW HITPOINT WARNING * * *
The wolf spider hits you but does no damage.
The wolf spider bites you but does no damage.
The jumping spider barely misses you. The jumping spider bites you.
* * * LOW HITPOINT WARNING * * *
The demonic crawler hits you but does no damage.
The demonic crawler hits you.
* * * LOW HITPOINT WARNING * * *
The demonic crawler barely misses you. The tarantella touches you.
You die...
Your body crumbles into a pile of gold.

.s. ..^## #######.=...#
# #..#..#.>.... #
...^#s♣#..#$ ....####..
.....sssss.## .....#=.
......ss.$..######^....#
.##....#.......#<##$....
#..#..####....$.$...#..
#######.............#
##..#####...#..#
....##^......##.#
....#^....#...###


You could see a demonic crawler, a wolf spider (unable to see you), a jumping
spider (unable to see you) and 5 tarantellas.

Vanquished Creatures
  Rupert (D:14)
  Gastronok (Lair:1)
  An orc warlord (Orc:1)
  A vampire knight (D:15)
  A dire elephant (Lair:5)
  2 ettins (Orc:2)
  A vault guard (D:14)
  6 hydras
  A rakshasa (D:13)
  Erolcha (D:11)
  Harold (D:8)
  6 centaur warriors
  7 two-headed ogres
  3 death yaks (Lair:5)
  A hell hog (Volcano)
  4 boulder beetles
  3 orc high priests (Orc:2)
  2 tengu warriors (D:14)
  3 skysharks
  Amaemon (Lair:1)
  A deep troll (D:14)
  A goliath frog (Lair:5)
  13 skeletal warriors
  4 orc knights (Orc:2)
  An ugly thing (D:14)
  A wolf spider (D:14)
  A deep elf pyromancer (Orc:2)
  4 orc sorcerers
  3 cyclopes
  3 manticores
  6 black mambas
  A salamander (Volcano)
  31 cane toads
  A demonic crawler (Lair:2)
  4 torpor snails (Lair:5)
  2 gargoyles
  An orange demon (Lair:1)
  A kobold demonologist (D:11)
  2 unseen horrors
  Psyche (D:8)
  3 rime drakes
  2 tengu conjurers (D:14)
  An efreet (D:14)
  8 komodo dragons
  A queen bee (D:10)
  2 tyrant leeches
  9 trolls
  25 blink frogs
  4 tarantellas (Spider:1)
  3 polar bears
  2 dream sheep (Lair:5)
  4 slime creatures
  A centaur simulacrum (D:14)
  4 vampires
  4 wyverns
  3 shadows
  49 yaks
  Eustachio (D:5)
  Grum (D:11)
  2 basilisks
  3 fire bats (Volcano)
  2 redbacks (Spider:1)
  3 steam dragons
  15 vampire mosquitoes
  Menkaure (D:5)
  2 wargs
  5 acid dragons
  11 water moccasins
  24 orc warriors
  2 sky beasts
  2 ice beasts
  2 black bears
  21 wolves
  5 ogres
  11 centaurs
  3 phantoms
  13 bullfrogs
  2 kobold brigands (D:9)
  3 gnoll sergeants
  3 scorpions (Lair:2)
  8 wights
  A troll zombie (D:12)
  28 killer bees
  7 electric eels
  3 howler monkeys
  2 jellies
  17 orc priests
  14 hounds
  3 iguanas
  3 sleepcaps
  25 orc wizards
  5 hell rats (Lair:4)
  5 ogre zombies (D:12)
  27 gnolls
  5 adders
  3 white imps
  3 worms
  4 dart slugs
  73 orcs
  5 endoplasms
  5 giant cockroaches
  6 goblins
  6 hobgoblins
  3 jackals (D:2)
  8 quokkas
  8 ball pythons
  7 bats
  A frilled lizard (D:3)
  3 goblin skeletons (D:12)
  5 goblin zombies (D:12)
  A hobgoblin zombie (D:12)
  17 kobolds
  3 orc skeletons (D:12)
  7 orc zombies (D:12)
  5 rats
717 creatures vanquished.

Vanquished Creatures (others)
  A shadow (D:12)
  An orc priest (Orc:2)
  An orc wizard (Orc:2)
  2 orcs (Orc:2)
5 creatures vanquished.

Grand Total: 722 creatures vanquished

Notes
Turn   | Place    | Note
-------+----------+-------------------------------------------
     0 | D:1      | ces the Spriggan Hunter began the quest for the Orb.
     0 | D:1      | Reached XP level 1. HP: 10/10 MP: 2/2
   111 | D:1      | Reached XP level 2. HP: 14/14 MP: 3/3
   867 | D:2      | Reached skill level 5 in Ranged Weapons
   867 | D:2      | Reached XP level 3. HP: 18/18 MP: 4/4
  1120 | D:2      | Reached XP level 4. HP: 13/22 MP: 5/5
  1871 | D:3      | Found a faded altar of an unknown god.
  1997 | D:3      | Reached skill level 6 in Ranged Weapons
  2185 | D:3      | Found Qiakk's Magic Scroll Emporium.
  2299 | D:2      | Reached XP level 5. HP: 22/25 MP: 6/6
  3018 | D:4      | Found a staircase to the Ecumenical Temple.
  3087 | D:4      | Found Mohyxtas's Fire Supplies.
  3127 | D:4      | Reached skill level 7 in Ranged Weapons
  3479 | D:5      | Entered Level 5 of the Dungeon
  3582 | Temple   | Entered the Ecumenical Temple
  3883 | Temple   | Became a worshipper of Gozag Ym Sagoz the Greedy
  3984 | D:4      | Reached XP level 6. HP: 28/30 MP: 7/7
  4006 | D:5      | Noticed a steam dragon
  4057 | D:5      | Noticed Menkaure
  4088 | D:5      | Noticed a water moccasin
  4294 | D:5      | Noticed Eustachio
  4592 | D:5      | Reached skill level 8 in Ranged Weapons
  4745 | D:6      | Reached XP level 7. HP: 29/33 MP: 8/8
  4864 | D:6      | Reached skill level 9 in Ranged Weapons
  5055 | D:6      | Found a glowing golden altar of the Shining One.
  5061 | D:6      | Found a sparkling altar of Nemelex Xobeh.
  5061 | D:6      | Found a blossoming altar of Fedhas.
  5062 | D:6      | Found a burning altar of Makhleb.
  5062 | D:6      | Found a stormy altar of Qazlal.
  5219 | D:6      | Reached XP level 8. HP: 37/37 MP: 9/9
  5451 | D:6      | Reached skill level 10 in Ranged Weapons
  5747 | D:7      | Found Wed Wimn's Jewellery Emporium.
  6184 | D:7      | Reached skill level 11 in Ranged Weapons
  6738 | D:7      | Reached skill level 12 in Ranged Weapons
  6738 | D:7      | Reached XP level 9. HP: 41/41 MP: 10/10
  6992 | D:8      | Noticed Psyche
  7150 | D:8      | Found Jaagreos's Distillery.
  7150 | D:8      | Found Ipeken's Jewellery Boutique.
  7150 | D:8      | Found Ifumaod's Distillery.
  7152 | D:8      | Bought a potion of heal wounds for 50 gold pieces
  7152 | D:8      | Bought a potion of curing for 30 gold pieces
  7152 | D:8      | Bought 2 potions of curing for 60 gold pieces
  7601 | D:8      | Reached skill level 5 in Dodging
  8182 | D:9      | Gained mutation: You are dopey. (Int -2) [potion of
                  | mutation]
  8182 | D:9      | Gained mutation: You have large cloven feet. [potion of
                  | mutation]
  8267 | D:9      | Noticed a two-headed ogre
  8295 | D:9      | Killed a two-headed ogre
  8296 | D:9      | Reached skill level 13 in Ranged Weapons
  8766 | D:9      | Reached skill level 5 in Stealth
  9630 | D:10     | Entered Level 10 of the Dungeon
  9648 | D:10     | Found Raon's Jewellery Shoppe.
  9669 | D:10     | Noticed a queen bee
  9699 | D:10     | Noticed a two-headed ogre
  9728 | D:10     | Killed a two-headed ogre
  9729 | D:10     | Reached XP level 10. HP: 46/46 MP: 11/11
  9768 | D:10     | Noticed a two-headed ogre
  9787 | D:10     | Killed a two-headed ogre
  9788 | D:10     | Reached skill level 14 in Ranged Weapons
  9908 | D:10     | Found Cail's General Store.
  9966 | D:10     | Noticed a two-headed ogre
  9982 | D:10     | Killed a two-headed ogre
 10001 | D:10     | Found Ikhunasy's Assorted Antiques.
 10207 | D:11     | Noticed a skeletal warrior
 10369 | D:11     | Reached skill level 15 in Ranged Weapons
 10855 | D:11     | Noticed Erolcha
 10997 | D:12     | Noticed a gargoyle
 11190 | D:13     | Noticed a centaur warrior
 11753 | D:11     | Noticed a two-headed ogre
 11801 | D:11     | Reached XP level 11. HP: 46/49 MP: 12/12
 11802 | D:11     | Killed a two-headed ogre
 11831 | D:11     | Noticed Grum
 11910 | D:11     | Killed Grum
 11927 | D:11     | Noticed a skeletal warrior
 12113 | D:10     | Found Kuageq's Armour Boutique.
 12147 | D:10     | Found Fite's Jewellery Shoppe.
 13098 | D:8      | Found a staircase to the Lair.
 13151 | D:7      | Bought a ring of the Octopus King {HP+2 MP+9 AC+2 EV+2
                  | SH+2} for 733 gold pieces
 13151 | D:7      | Found the ring of the Octopus King {HP+2 MP+9 AC+2 EV+2
                  | SH+2}
 13343 | D:5      | Reached skill level 16 in Ranged Weapons
 13409 | D:5      | Killed Menkaure
 13568 | D:5      | Killed Eustachio
 14481 | D:8      | Killed Psyche
 15124 | D:12     | Reached skill level 10 in Stealth
 15517 | D:11     | Noticed a skeletal warrior
 15517 | D:11     | Noticed a skeletal warrior
 16059 | D:11     | Killed a skeletal warrior
 16156 | D:8      | Lost mutation: You are dopey. (Int -2) [potion of mutation]
 16156 | D:8      | Lost mutation: You have large cloven feet. [potion of
                  | mutation]
 16156 | D:8      | Gained mutation: You occasionally shout uncontrollably at
                  | your foes. [potion of mutation]
 16156 | D:8      | Gained mutation: You are weak. (Str -2) [potion of
                  | mutation]
 16157 | D:8      | Lost mutation: You occasionally shout uncontrollably at
                  | your foes. [potion of mutation]
 16157 | D:8      | Lost mutation: You are weak. (Str -2) [potion of mutation]
 16157 | D:8      | Gained mutation: You have sharp fingernails. [potion of
                  | mutation]
 16157 | D:8      | Gained mutation: Your spells are a little easier to cast,
                  | but a little less powerful. [potion of mutation]
 16157 | D:8      | Gained mutation: You possess an exceptional clarity of
                  | mind. [potion of mutation]
 16157 | D:8      | Gained mutation: You have a pair of small antennae on your
                  | head. [potion of mutation]
 16162 | Lair:1   | Entered Level 1 of the Lair of Beasts
 16188 | Lair:1   | Noticed Harold
 16407 | D:11     | Noticed a skeletal warrior
 16490 | D:10     | Bought a potion of heal wounds for 55 gold pieces
 16490 | D:10     | Bought a scroll of teleportation for 33 gold pieces
 16490 | D:10     | Bought a potion of mutation for 88 gold pieces
 16490 | D:10     | Bought a scroll of magic mapping for 82 gold pieces
 16490 | D:10     | Lost mutation: You have sharp fingernails. [potion of
                  | mutation]
 16490 | D:10     | Lost mutation: You possess an exceptional clarity of mind.
                  | [potion of mutation]
 16490 | D:10     | Lost mutation: You have a pair of small antennae on your
                  | head. [potion of mutation]
 16490 | D:10     | Gained mutation: You have a somewhat thin skeletal
                  | structure. (Dex +2, Stealth+) [potion of mutation]
 16490 | D:10     | Gained mutation: You do not regenerate when monsters are
                  | visible. [potion of mutation]
 16490 | D:10     | Gained mutation: You possess an exceptional clarity of
                  | mind. [potion of mutation]
 16490 | D:10     | Gained mutation: You are partially covered in iridescent
                  | scales. (AC +2) [potion of mutation]
 16643 | D:11     | Killed a skeletal warrior
 16644 | D:11     | Reached skill level 10 in Dodging
 16644 | D:11     | Reached skill level 1 in Evocations
 16874 | D:11     | Killed a skeletal warrior
 16875 | D:11     | Reached skill level 17 in Ranged Weapons
 16875 | D:11     | Reached XP level 12. HP: 53/53 MP: 13/13
 17413 | D:10     | Bought a potion of heal wounds for 170 gold pieces
 19195 | D:8      | Killed Harold
 19311 | D:11     | Killed Erolcha
 20087 | D:12     | Found a staircase to the Orcish Mines.
 20315 | D:13     | Noticed a centaur warrior
 20561 | D:13     | Noticed a boulder beetle
 20575 | D:13     | Killed a boulder beetle
 20576 | D:13     | Reached skill level 5 in Evocations
 20630 | D:13     | Noticed a four-headed hydra
 20727 | D:13     | Killed a four-headed hydra
 20796 | D:13     | Killed a centaur warrior
 20864 | D:13     | Noticed a centaur warrior
 20866 | D:13     | Noticed a centaur warrior
 20867 | D:13     | Noticed a rakshasa
 21146 | D:14     | Noticed a tengu warrior
 21171 | D:14     | Killed a tengu warrior
 21274 | D:13     | Killed a centaur warrior
 21334 | D:13     | HP: 2/60 [centaur warrior/arrow (21)]
 21786 | D:14     | Noticed a four-headed hydra
 21790 | D:14     | Killed a four-headed hydra
 21980 | D:14     | Noticed a four-headed hydra
 21982 | D:14     | Noticed Rupert
 21995 | D:14     | Killed a four-headed hydra
 22094 | D:14     | Killed Rupert
 22095 | D:14     | Reached XP level 13. HP: 57/63 MP: 14/14
 22689 | D:14     | Reached skill level 1 in Shields
 22699 | D:14     | Reached skill level 18 in Ranged Weapons
 22748 | D:14     | Reached skill level 5 in Fighting
 23440 | D:14     | Found a gate to the Vaults.
 23519 | D:15     | Entered Level 15 of the Dungeon
 25013 | Lair:1   | Noticed Fannar
 25127 | Lair:1   | Noticed Gastronok
 25145 | Lair:1   | Killed Gastronok
 25476 | Lair:1   | Noticed Amaemon
 25570 | Lair:1   | Killed Amaemon
 26066 | Lair:2   | Reached XP level 14. HP: 70/70 MP: 15/15
 26195 | Lair:2   | Reached skill level 19 in Ranged Weapons
 26582 | Lair:2   | Found a hole to the Spider Nest.
 26746 | Lair:2   | Bought an embroidered robe for 122 gold pieces
 26746 | Lair:2   | Bought a potion of curing for 99 gold pieces
 27241 | Lair:3   | Found a staircase to the Swamp.
 27626 | Lair:4   | Noticed bairyn's ghost (journeyman SpRe)
 28089 | Lair:4   | Found a runed translucent gate.
 28090 | Lair:4   | Found a runed translucent gate.
 28091 | Lair:4   | Found a runed translucent gate.
 28376 | Lair:5   | Entered Level 5 of the Lair of Beasts
 28385 | Lair:5   | Reached skill level 20 in Ranged Weapons
 28452 | Lair:5   | Found a viscous altar of Jiyva.
 28453 | Lair:5   | Found a staircase to the Slime Pits.
 29183 | Lair:5   | Found a dark tunnel.
 29189 | Volcano  | Entered a volcano
 30078 | Lair:5   | Found a sacrificial altar of Ru.
 30248 | Swamp:1  | Entered Level 1 of the Swamp
 30630 | D:12     | Reached skill level 21 in Ranged Weapons
 31068 | Orc:1    | Entered Level 1 of the Orcish Mines
 31414 | Orc:1    | Noticed an orc warlord
 31556 | Orc:1    | Killed an orc warlord
 31681 | Orc:2    | Entered Level 2 of the Orcish Mines
 31691 | Orc:2    | Reached XP level 15. HP: 73/73 MP: 16/16
 31699 | Orc:2    | Found a staircase to the Elven Halls.
 32115 | Orc:2    | Found Tyc Gisoyn's Antique Armour Boutique.
 33539 | Orc:2    | Found Nubyt's General Store.
 33539 | Orc:2    | Found Meiphy's Weapon Boutique.
 33541 | Orc:2    | Found Qeufied's Antique Weapon Boutique.
 33541 | Orc:2    | Found Taetoxuj's General Store.
 33549 | Orc:2    | Bought a potion of mutation for 136 gold pieces
 33549 | Orc:2    | Lost mutation: You possess an exceptional clarity of mind.
                  | [potion of mutation]
 33549 | Orc:2    | Lost mutation: You do not regenerate when monsters are
                  | visible. [potion of mutation]
 33549 | Orc:2    | Lost mutation: You have a somewhat thin skeletal structure.
                  | (Dex +2, Stealth+) [potion of mutation]
 33549 | Orc:2    | Gained mutation: You do not regenerate when monsters are
                  | visible. [potion of mutation]
 33549 | Orc:2    | Gained mutation: You sometimes lose your temper in combat.
                  | [potion of mutation]
 33549 | Orc:2    | Gained mutation: You are agile. (Dex +4, Str/Int -1)
                  | [potion of mutation]
 33552 | Orc:2    | Bought 2 potions of mutation for 160 gold pieces
 33552 | Orc:2    | Lost mutation: You do not regenerate when monsters are
                  | visible. [potion of mutation]
 33552 | Orc:2    | Lost mutation: You are partially covered in iridescent
                  | scales. (AC +2) [potion of mutation]
 33552 | Orc:2    | Gained mutation: You are strong-willed. (Will+) [potion of
                  | mutation]
 33552 | Orc:2    | Gained mutation: You are partially covered in large bone
                  | plates. (SH +4) [potion of mutation]
 33552 | Orc:2    | Gained mutation: You are partially covered in iridescent
                  | scales. (AC +2) [potion of mutation]
 33554 | Orc:2    | Bought a fading dagger for 154 gold pieces
 33554 | Orc:2    | Identified the +1 dagger "Laola" {protect, rPois rF+ rC++
                  | Str-5} (You bought it in a shop on level 2 of the Orcish
                  | Mines)
 35598 | Slime:1  | Entered Level 1 of the Pits of Slime
 35599 | Slime:1  | Noticed an azure jelly
 35891 | D:10     | Bought the amulet "Royvoepp" {Reflect Str+3 Dex-4 SH+5} for
                  | 488 gold pieces
 36003 | Elf:1    | Entered Level 1 of the Elven Halls
 36189 | D:13     | Reached skill level 22 in Ranged Weapons
 36547 | D:15     | Found the +8 Vampire's Tooth {megavamp}
 36960 | Spider:1 | Entered Level 1 of the Spider Nest
 37115 | Spider:1 | HP: 5/120 [wolf spider (7)]
 37116 | Spider:1 | HP: 1/120 [demonic crawler (3)]
 37116 | Spider:1 | Slain by a tarantella

Illustrated notes

Levels and vault maps discovered:
D:1:      minmay_arrival_radiant_lines, layout_basic, chequers_decorated_corner
D:2:      layout_loops_corners, kennysheep_generic_room_7
D:3:      layout_rooms, serial_shops, shop,
          shapermc_ecumenical_altar_flowoftime, serial_bayou_lagoon_a,
          cheibrodos_gnoll_hut
D:4:      layout_loops_ring, minmay_temple_entry_junction_2,
          nicolae_shop_fire_sale [nicolae_sub_dead_trees]
D:5:      layout_loops_cross, nicolae_hexahallways,
          nicolae_concentric_dashed_squares_mild, grunt_decor_arrowhead,
          uniq_eustachio, uniq_menkaure
D:6:      layout_basic, minitemple
D:7:      layout_gridville, serial_shops, nicolae_shop_rolling_square,
          kennysheep_minor_cross, grunt_ministairs_8
D:8:      layout_cave_pools, erik_lair_island,
          nicolae_shop_distant_corner_stores, uniq_psyche
D:9:      layout_grid_maze
D:10:     layout_roguey [special_room_bee], serial_shops, shop,
          nicolae_shop_peninsula, nicolae_shop_temple_entry_statues_fountains,
          nicolae_lakefront_shop, shop
D:11:     layout_basic, uniq_grum, uniq_erolcha
D:12:     layout_cave_pools, zombieorc1_lemuel,
          minmay_fractal_squares_diagonal_5
D:13:     layout_rooms, lemuel_flamethrower_hall
D:14:     layout_roguey [special_room_orc], david_vaults_5, nrook_uturn,
          uniq_rupert
D:15:     grunt_enter_depths_snipers, layout_basic, hangedman_decor_growths,
          minmay_guarded_unrand_vampires_tooth
Temple:   minmay_temple_bridge_d
Lair:1:   layout_hall_layers, nicolae_quartered_pool_medium,
          serial_bayou_shore_b, uniq_amaemon, uniq_gastronok, uniq_fannar,
          uniq_harold
Lair:2:   layout_long_grid, nicolae_spider_entry_non_spiders, grunt_megastairs_1
Lair:3:   layout_loops_ring, swamp_mist, grunt_megastairs_2,
          serial_bayou_shore_a
Lair:4:   layout_concentric_octagons, gammafunk_ghost_split
Lair:5:   minmay_lair_end_frog_pond, layout_gridlike, dpeg_slime_entry_enclosed,
          enter_volcano_2, basic_altar, nicolae_lair_lakeside_cave,
          serial_bayou_shore_b
Swamp:1:  layout_basic_swamp, infiniplex_staircase_pool
Spider:1: layout_spider_delve, uniq_asterion
Slime:1:  layout_caves, basic_altar, cheibrodos_slime_lost_civilization_7
Orc:1:    layout_diamond_mine, serial_shops, shop
Orc:2:    grunt_orc_tribal_feast, layout_diamond_mine, serial_shops, shop
Elf:1:    eino_elf_arrival_the_gate, layout_gridlike, serial_shops,
          nicolae_shop_temple_entry_statues_fountains, orc_legates,
          nicolae_elf_hall_of_bonks

Skill      XL: |  1  2  3  4  5  6  7  8  9 10 11 12 13 14 15 |
---------------+----------------------------------------------+-----
Ranged Weapons | 5 6 7 8 9 12 13 15 17 18 21 22 | 22.0
Dodging        | 3 4 7 8 10 11 12 | 12.8
Stealth        | 5 8 10 12 13 | 13.4
Evocations     | 2 6 7 9 |  9.0
Fighting       | 4 6 8 |  8.5
Shields        | 2 |  2.7
Unarmed Combat | |  0.4

Action                     |  1- 3 |  4- 6 |  7- 9 | 10-12 | 13-15 || total
---------------------------+-------+-------+-------+-------+-------++-------
  Melee: Unarmed           |       |       |       |    11 |       ||    11
         Dagger            |       |       |       |       |    12 ||    12
         Punch             |       |       |       |       |     1 ||     1
   Fire: Shortbow          |    88 |   159 |   353 |  1263 |   197 ||  2060
         Arbalest          |       |       |       |       |  1493 ||  1493
 Invoke: Potion Petition   |       |       |       |       |     9 ||     9
         Call Merchant     |       |       |       |       |     1 ||     1
  Evoke: Wand              |       |       |       |    39 |    20 ||    59
         Piece from Xom's  |       |       |       |    19 |       ||    19
    Use: Scroll            |       |    17 |     7 |     9 |    18 ||    51
         Potion            |       |     6 |     2 |     9 |    15 ||    32
   Stab: Sleeping          |       |       |       |       |     3 ||     3
 Armour: Robe              |       |     3 |    18 |    30 |   104 ||   155
         Skin              |       |       |       |       |    50 ||    50
  Dodge: Dodged            |     9 |    53 |    75 |   317 |   891 ||  1345
  Block: Other             |       |       |       |     5 |   122 ||   127
         Reflection        |       |       |       |       |     2 ||     2
